NCAA
AUBURN TIGERS @ COLORADO BUFFALOES
04/06/2028
 
TOP OF THE 1ST
Auburn Tigers batting - Pitching for Colorado Buffaloes : LHP Ray Gordon
Pitching: LHP Ray Gordon
Batting: RHB Bill Petty 0-0: Foul Ball, location: 2F
0-1: Swinging Strike
0-2: Ball
1-2: Strikes out swinging
Batting: RHB Travis Curtis 0-0: Called Strike
0-1: Called Strike
0-2: Ball
1-2: Ball
2-2: Ball
3-2: Strikes out swinging
Batting: RHB Robert Porter 0-0: Ball
1-0: Ball
2-0: Ball
3-0: Called Strike
3-1: Called Strike
3-2: Fly out, F9 (Flyball, 9LS)
Top of the 1st over - 0 run(s), 0 hit(s), 0 error(s), 0 left on base; Auburn 0 - Colorado 0
BOTTOM OF THE 1ST
Colorado Buffaloes batting - Pitching for Auburn Tigers : RHP Andrew Lyons
Pitching: RHP Andrew Lyons
Batting: SHB Justin Collier 0-0: Foul Ball, location: 2F
0-1: Called Strike
0-2: Fly out, F8 (Flyball, 8LM)
Batting: RHB Eddie Woods 0-0: Ball
1-0: TRIPLE (Flyball, 9LM)
Batting: LHB Claudio Jaramillo 0-0: Called Strike
0-1: Swinging Strike
0-2: Strikes out swinging
Batting: RHB Preston Manning 0-0: SINGLE (Flyball, 7S) - OUT at second base trying to stretch hit.
Eddie Woods scores
Bottom of the 1st over - 1 run(s), 2 hit(s), 0 error(s), 0 left on base; Auburn 0 - Colorado 1
TOP OF THE 2ND
Auburn Tigers batting - Pitching for Colorado Buffaloes : LHP Ray Gordon
Batting: SHB Bruce MacPherson 0-0: Ball
1-0: Reached on error, E5 (Groundball, 5S)
Batting: LHB Matt Kennedy 0-0: Swinging Strike
0-1: Foul Ball, location: 2F
0-2: Ball
1-2: Strikes out swinging
Batting: RHB Patrick Stewart 0-0: Ball
1-0: Swinging Strike
1-1: Swinging Strike
1-2: Strikes out looking
Batting: LHB Glenn Woollams 0-0: Foul Ball, location: 2F
0-1: Ball
1-1: SINGLE (Line Drive, 7S)
Bruce MacPherson to third
Batting: SHB Andrew Johnson 0-0: SINGLE (Line Drive, 4M)
Bruce MacPherson scores
Glenn Woollams to second
Runner from 2nd tries for 3rd, SAFE, throw made to third
Batting: RHB Mike Farley 0-0: Ball
1-0: Called Strike
1-1: 3-RUN HOME RUN (Flyball, 7D), Distance : 358 ft
Batting: RHB Bill Petty 0-0: Called Strike
0-1: Ball
1-1: Ball
2-1: Foul Ball, location: 2F
2-2: Strikes out swinging
Top of the 2nd over - 4 run(s), 3 hit(s), 1 error(s), 0 left on base; Auburn 4 - Colorado 1
BOTTOM OF THE 2ND
Colorado Buffaloes batting - Pitching for Auburn Tigers : RHP Andrew Lyons
Batting: LHB Wayne Morgan 0-0: Called Strike
0-1: Foul Ball, location: 2F
0-2: Ball
1-2: Strikes out swinging
Batting: RHB Bill Peterson 0-0: Ball
1-0: Ball
2-0: Ball
3-0: Called Strike
3-1: Foul Ball, location: 2F
3-2: Foul Ball, location: 2F
3-2: Fly out, F8 (Flyball, 8LS)
Batting: SHB Edgardo Guzmán 0-0: Called Strike
0-1: Ground out 4-3 (Groundball, 4)
Bottom of the 2nd over - 0 run(s), 0 hit(s), 0 error(s), 0 left on base; Auburn 4 - Colorado 1
TOP OF THE 3RD
Auburn Tigers batting - Pitching for Colorado Buffaloes : LHP Ray Gordon
Batting: RHB Travis Curtis 0-0: Called Strike
0-1: Ball
1-1: Foul Ball, location: 2F
1-2: SINGLE (Groundball, 56D)
Batting: RHB Robert Porter 0-0: Called Strike
0-1: Swinging Strike
0-2: Ball
1-2: SINGLE (Line Drive, 3)
Travis Curtis to second
Batting: SHB Bruce MacPherson 0-0: Ball
1-0: Called Strike
1-1: Ball
2-1: SINGLE (Flyball, 8LS)
Travis Curtis to third
Robert Porter to second
Runner from 3rd tries for Home, SAFE, throw made home
Batting: LHB Matt Kennedy 0-0: Swinging Strike
0-1: Swinging Strike
0-2: Ball
1-2: Foul Ball, location: 2F
1-2: Fly out, F8 (Flyball, 78M)
Batting: RHB Patrick Stewart 0-0: Ball
1-0: Foul Ball, location: 2F
1-1: Foul Ball, location: 2F
1-2: Strikes out swinging
Batting: LHB Glenn Woollams 0-0: Called Strike
0-1: Foul Ball, location: 2F
0-2: Strikes out swinging
Top of the 3rd over - 1 run(s), 3 hit(s), 0 error(s), 2 left on base; Auburn 5 - Colorado 1
BOTTOM OF THE 3RD
Colorado Buffaloes batting - Pitching for Auburn Tigers : RHP Andrew Lyons
Batting: RHB Jason Taylor 0-0: Ground out 6-3 (Groundball, 6)
Batting: LHB Jack Jefferson 0-0: Ball
1-0: Ball
2-0: Called Strike
2-1: Swinging Strike
2-2: Ball
3-2: Fly out, F7 (Line Drive, 7)
Batting: SHB Justin Collier 0-0: Ball
1-0: Ball
2-0: Ball
3-0: Foul Ball, location: 2F
3-1: DOUBLE (Line Drive, 8LD)
Batting: RHB Eddie Woods 0-0: Ball
1-0: Ball
2-0: Foul Ball, location: 2F
2-1: Foul Ball, location: 2F
2-2: Foul Ball, location: 2F
2-2: Ball
3-2: Foul Ball, location: 2F
3-2: SINGLE (Flyball, 89S)
Justin Collier to third
Justin Collier scores
Batting: LHB Claudio Jaramillo 0-0: Ball
Eddie Woods is caught stealing 2nd base
Bottom of the 3rd over - 1 run(s), 2 hit(s), 0 error(s), 0 left on base; Auburn 5 - Colorado 2
TOP OF THE 4TH
Auburn Tigers batting - Pitching for Colorado Buffaloes : LHP Ray Gordon
Batting: SHB Andrew Johnson 0-0: Ball
1-0: Ball
2-0: Foul Ball, location: 2F
2-1: Ball
3-1: Base on Balls
Batting: RHB Mike Farley 0-0: Ball
1-0: Called Strike
1-1: Foul Ball, location: 2F
1-2: Ball
2-2: Foul Ball, location: 2F
2-2: Foul Ball, location: 2F
2-2: Ball
3-2: Foul Ball, location: 2F
3-2: Foul Ball, location: 2F
3-2: Strikes out swinging
Batting: RHB Bill Petty 0-0: Called Strike
0-1: Foul Ball, location: 2F
0-2: Ball
1-2: Ball
2-2: Foul Ball, location: 2F
2-2: Strikes out looking
Pitching: LHP Marc Fontenot
Batting: RHB Travis Curtis 0-0: Ball
1-0: Ball
2-0: Ball
3-0: Base on Balls
Andrew Johnson to second
Batting: RHB Robert Porter 0-0: Fielders Choice at 2nd, 6-4 (Groundball, 6)
Top of the 4th over - 0 run(s), 0 hit(s), 0 error(s), 1 left on base; Auburn 5 - Colorado 2
BOTTOM OF THE 4TH
Colorado Buffaloes batting - Pitching for Auburn Tigers : RHP Andrew Lyons
Batting: LHB Claudio Jaramillo 0-0: Called Strike
0-1: Called Strike
0-2: Ball
1-2: Ball
2-2: Foul Ball, location: 2F
2-2: Fly out, F9 (Flyball, 9S)
Batting: RHB Preston Manning 0-0: Ball
1-0: Ball
2-0: Foul Ball, location: 2F
2-1: Fly out, F8 (Line Drive, 8LD)
Batting: LHB Wayne Morgan 0-0: Fly out, F7 (Line Drive, 7)
Bottom of the 4th over - 0 run(s), 0 hit(s), 0 error(s), 0 left on base; Auburn 5 - Colorado 2
TOP OF THE 5TH
Auburn Tigers batting - Pitching for Colorado Buffaloes : LHP Marc Fontenot
Batting: SHB Bruce MacPherson 0-0: Ball
1-0: Called Strike
1-1: Foul Ball, location: 2F
1-2: Strikes out swinging
Batting: LHB Matt Kennedy 0-0: Foul Ball, location: 2F
0-1: Swinging Strike
0-2: Ball
1-2: Ball
2-2: Ground out 5-3 (Groundball, 56S)
Batting: RHB Patrick Stewart 0-0: Ground out 6-3 (Groundball, 6)
Top of the 5th over - 0 run(s), 0 hit(s), 0 error(s), 0 left on base; Auburn 5 - Colorado 2
BOTTOM OF THE 5TH
Colorado Buffaloes batting - Pitching for Auburn Tigers : RHP Andrew Lyons
Batting: RHB Bill Peterson 0-0: Foul Ball, location: 2F
0-1: Called Strike
0-2: Ground out 1-3 (Groundball, 15)
Batting: SHB Edgardo Guzmán 0-0: Ball
1-0: Called Strike
1-1: Foul Ball, location: 2F
1-2: Foul Ball, location: 2F
1-2: Ground out 3-1 (Groundball, 34)
Batting: RHB Jason Taylor 0-0: Foul Ball, location: 2F
0-1: Ball
1-1: Ball
2-1: SOLO HOME RUN (Flyball, 7D), Distance : 349 ft
Batting: LHB Jack Jefferson 0-0: Ball
1-0: Called Strike
1-1: Ball
2-1: Ball
3-1: Foul Ball, location: 2F
3-2: Base on Balls
Batting: SHB Justin Collier 0-0: Ball
1-0: Ball
2-0: Swinging Strike
2-1: Swinging Strike
2-2: Strikes out swinging
Bottom of the 5th over - 1 run(s), 1 hit(s), 0 error(s), 1 left on base; Auburn 5 - Colorado 3
TOP OF THE 6TH
Auburn Tigers batting - Pitching for Colorado Buffaloes : LHP Marc Fontenot
Batting: LHB Glenn Woollams 0-0: Bunt for hit - play at first, batter safe!
Batting: SHB Andrew Johnson 0-0: Ball
1-0: SINGLE (Groundball, 56D)
Glenn Woollams to second
Batting: RHB Mike Farley 0-0: 3-RUN HOME RUN (Flyball, 8RXD), Distance : 403 ft
Pitching: LHP José Cruz
Batting: RHB Bill Petty 0-0: Foul Ball, location: 2F
0-1: Called Strike
0-2: Foul Ball, location: 2F
0-2: Fly out, F9 (Flyball, 9S)
Batting: RHB Travis Curtis 0-0: Ground out 5-3 (Groundball, 56S)
Batting: RHB Robert Porter 0-0: Fly out, F8 (Line Drive, 78M)
Top of the 6th over - 3 run(s), 3 hit(s), 0 error(s), 0 left on base; Auburn 8 - Colorado 3
BOTTOM OF THE 6TH
Colorado Buffaloes batting - Pitching for Auburn Tigers : RHP Andrew Lyons
Batting: RHB Eddie Woods 0-0: Foul Ball, location: 2F
0-1: Ball
1-1: Foul Ball, location: 2F
1-2: Ball
2-2: Ground out 4-3 (Groundball, 34)
Pitching: RHP Carl Woodward
Batting: LHB Claudio Jaramillo 0-0: Ball
1-0: Foul Ball, location: 2F
1-1: Foul Ball, location: 2F
1-2: Ball
2-2: Foul Ball, location: 2F
2-2: Fly out, F8 (Flyball, 8RXD)
Batting: RHB Preston Manning 0-0: Ball
1-0: Fly out, F3 (Line Drive, 3)
Bottom of the 6th over - 0 run(s), 0 hit(s), 0 error(s), 0 left on base; Auburn 8 - Colorado 3
TOP OF THE 7TH
Auburn Tigers batting - Pitching for Colorado Buffaloes : LHP José Cruz
Batting: SHB Bruce MacPherson 0-0: Called Strike
0-1: SINGLE (Flyball, 9LS)
Batting: LHB Matt Kennedy 0-0: DOUBLE (Line Drive, 78D)
Bruce MacPherson to third
Batting: RHB Patrick Stewart 0-0: Ball
1-0: Ball
2-0: Ball
3-0: Base on Balls
Batting: LHB Glenn Woollams 0-0: Ball
1-0: Ball
2-0: Called Strike
2-1: Called Strike
2-2: Ball
3-2: Base on Balls
Bruce MacPherson scores
Matt Kennedy to third
Patrick Stewart to second
Batting: SHB Andrew Johnson 0-0: GRAND SLAM HOME RUN (Flyball, 78XD), Distance : 390 ft
Pitching: RHP Victor Brewer
Batting: RHB Mike Farley 0-0: Called Strike
0-1: Ball
1-1: Ball
2-1: Ground out 5-3 (Groundball, 56)
Batting: RHB Bill Petty 0-0: Ball
1-0: Called Strike
1-1: Ground out 6-3 (Groundball, 56)
Batting: RHB Travis Curtis 0-0: Ball
1-0: Ball
2-0: Ball
3-0: Called Strike
3-1: Base on Balls
Batting: RHB Robert Porter 0-0: Ball
1-0: Called Strike
1-1: Swinging Strike
1-2: Foul Ball, location: 2F
1-2: Ball
2-2: Ball
Travis Curtis is caught stealing 2nd base
Top of the 7th over - 5 run(s), 3 hit(s), 0 error(s), 0 left on base; Auburn 13 - Colorado 3
BOTTOM OF THE 7TH
Colorado Buffaloes batting - Pitching for Auburn Tigers : RHP Carl Woodward
Batting: LHB Wayne Morgan 0-0: Fly out, F7 (Flyball, 7S)
Batting: RHB Bill Peterson 0-0: Ball
1-0: Called Strike
1-1: Foul Ball, location: 2F
1-2: Ball
2-2: Ball
3-2: Fly out, F7 (Flyball, 7LM)
Batting: SHB Edgardo Guzmán 0-0: Ball
1-0: Ball
2-0: Ball
3-0: Called Strike
3-1: Called Strike
3-2: Strikes out swinging
Bottom of the 7th over - 0 run(s), 0 hit(s), 0 error(s), 0 left on base; Auburn 13 - Colorado 3
TOP OF THE 8TH
Auburn Tigers batting - Pitching for Colorado Buffaloes : RHP Victor Brewer
Pinch Hitting: RHB Lou Perry 0-0: Ball
1-0: Called Strike
1-1: Ball
2-1: Ball
3-1: Base on Balls
Batting: SHB Bruce MacPherson Pickoff Throw to First - Error! E1
Lou Perry to second
0-0: Called Strike
0-1: Called Strike
0-2: Ball
1-2: Foul Ball, location: 2F
1-2: Ground out 6-3 (Groundball, 6)
Lou Perry to third
Batting: LHB Matt Kennedy 0-0: Ball
1-0: Foul Ball, location: 2F
1-1: Swinging Strike
1-2: Strikes out swinging
Batting: RHB Patrick Stewart 0-0: Called Strike
0-1: Ball
1-1: Ball
2-1: Foul Ball, location: 2F
2-2: Foul Ball, location: 2F
2-2: Foul Ball, location: 2F
2-2: Foul Ball, location: 2F
2-2: Ball
3-2: Foul Ball, location: 2F
3-2: Foul Ball, location: 2F
3-2: SINGLE (Flyball, 9LS)
Lou Perry scores
Batting: LHB Glenn Woollams 0-0: Called Strike
0-1: Fly out, F9 (Flyball, 9LS)
Top of the 8th over - 1 run(s), 1 hit(s), 1 error(s), 1 left on base; Auburn 14 - Colorado 3
BOTTOM OF THE 8TH
Colorado Buffaloes batting - Pitching for Auburn Tigers : RHP Carl Woodward
Now at 2B: Lou Perry
Batting: RHB Jason Taylor 0-0: SOLO HOME RUN (Flyball, 7D), Distance : 361 ft
Batting: LHB Jack Jefferson 0-0: Called Strike
0-1: Ground out 4-3 (Groundball, 4)
Batting: SHB Justin Collier 0-0: Ball
1-0: Fly out, F3 (Popup, 3L)
Batting: RHB Eddie Woods 0-0: Ball
1-0: Called Strike
1-1: Swinging Strike
1-2: Ball
2-2: Foul Ball, location: 2F
2-2: Strikes out looking
Bottom of the 8th over - 1 run(s), 1 hit(s), 0 error(s), 0 left on base; Auburn 14 - Colorado 4
TOP OF THE 9TH
Auburn Tigers batting - Pitching for Colorado Buffaloes : RHP Victor Brewer
Batting: SHB Andrew Johnson 0-0: SINGLE (Groundball, 4S) (infield hit)
Batting: RHB Mike Farley 0-0: Ball
1-0: Ball
2-0: Foul Ball, location: 2F
2-1: Ball
3-1: Base on Balls
Andrew Johnson to second
Pitching: LHP Sherwood Scott
Batting: RHB Bill Petty 0-0: Ball
1-0: Ball
2-0: Called Strike
2-1: Fly out, F8 (Flyball, 8RM)
Batting: RHB Travis Curtis 0-0: Called Strike
0-1: Foul Ball, location: 2F
0-2: Ball
1-2: Strikes out swinging
Batting: RHB Lou Perry 0-0: Ball
1-0: Called Strike
1-1: Ball
2-1: Swinging Strike
2-2: Strikes out swinging
Top of the 9th over - 0 run(s), 1 hit(s), 0 error(s), 2 left on base; Auburn 14 - Colorado 4
BOTTOM OF THE 9TH
Colorado Buffaloes batting - Pitching for Auburn Tigers : RHP Carl Woodward
Batting: LHB Claudio Jaramillo 0-0: Foul Ball, location: 2F
0-1: Ball
1-1: Hit by Pitch
Batting: RHB Preston Manning 0-0: SINGLE (Line Drive, 56D)
Claudio Jaramillo to second
Batting: LHB Wayne Morgan 0-0: Ball
1-0: Swinging Strike
1-1: Ball
2-1: SINGLE (Line Drive, 6D)
Claudio Jaramillo to third
Preston Manning to second
Batting: RHB Bill Peterson 0-0: Called Strike
0-1: Foul Ball, location: 2F
0-2: Strikes out swinging
Batting: SHB Edgardo Guzmán 0-0: Called Strike
0-1: Fielders Choice at 2nd, 4-6 (Groundball, 4M)
Claudio Jaramillo scores
Preston Manning to third
Batting: RHB Jason Taylor 0-0: Ball
1-0: Ball
2-0: Ball
3-0: Base on Balls
Edgardo Guzmán to second
Batting: LHB Jack Jefferson 0-0: Ball
1-0: Ball
2-0: Ball
3-0: Called Strike
3-1: Foul Ball, location: 2F
3-2: Fly out, F9 (Flyball, 89S)
Bottom of the 9th over - 1 run(s), 2 hit(s), 0 error(s), 3 left on base; Auburn 14 - Colorado 5
Tuesday, August 8th, 2017 - OOTP Baseball 17.12 Build 75